 Dungeon Crawl Stone Soup version 0.30-a0-140-gd1020e658a (webtiles) character file.

Game seed: 12143125619078170911

18 Julmuri the Trooper (level 2, 0/24 HPs)
             Began as a Mummy Cinder Acolyte on Sept 24, 2022.
             Was a High Priest of Ignis.
             Slain by an adder (2 damage)
             ... on level 2 of the Dungeon.
             The game lasted 00:06:58 (1081 turns).

Julmuri the Trooper (Mummy Cinder Acolyte)          Turns: 1081, Time: 00:06:59

Health: 0/24       AC:  3    Str: 17    XL:     2   Next: 48%
Magic:  4/4        EV: 11    Int: 13    God:    Ignis [*****.]
Gold:   103        SH:  0    Dex:  7    Spells: 3/3 levels left

rFire   . . .      SeeInvis .    f - +1 mace (protect)
rCold   + . .      Faith    +    (no shield)
rNeg    + + +      Spirit   .    b - +1 robe
rPois   ∞          Reflect  .    (no helmet)
rElec   .          Harm     .    (no cloak)
rCorr   .          Rampage  .    (no gloves)
Will    .....                    (no boots)
Stlth   +.........               (no amulet)
HPRegen 0.08/turn                (no ring)
MPRegen 0.09/turn                (no ring)

@: no status effects
A: cold resistance 1, negative energy resistance 3, torment resistance 2, heat
vulnerability 1, no potions, faith
a: Renounce Religion, Fiery Armour, Foxfire Swarm, Rising Flame


You were on level 2 of the Dungeon.
You worshipped Ignis.
Ignis was extremely pleased with you.
You visited 1 branch of the dungeon, and saw 2 of its levels.

You collected 103 gold pieces.

Inventory:

Hand Weapons
 a - a -1 hand axe of flaming
 f - a +1 mace of protection (weapon)
Armour
 b - a +1 robe (worn)
 g - a +0 chain mail
Scrolls
 d - 2 scrolls of amnesia {unknown}
 i - a scroll of identify {unknown}
Potions
 h - a potion of flight (quivered) {unknown}


   Skills:
 + Level 3.4 Fighting
 - Level 2.5 Axes
 + Level 1.4 Spellcasting
 + Level 2.6 Fire Magic


You had 3 spell levels left.
You didn't know any spells.
Your spell library contained the following spells:

 Spells                   Type           Power      Damage    Failure   Level
 Scorch                   Fire           14%        2d5       14%         2


Dungeon Overview and Level Annotations

Branches:
Dungeon (2/15)

Altars:


Innate Abilities, Weirdness & Mutations

You are immune to poison.
Your flesh is cold resistant. (rC+)
You are immune to negative energy. (rN+++)
You are immune to unholy pain and torment.
You are vulnerable to heat. (rF-)
You do not drink.
You have a special connection with the divine. (Faith)


Message History

You closely miss the rat.
The rat twitches its whiskers.
The rat misses you.
You sock the rat!
Your weapon exudes an aura of protection.
You kill the rat!
You now have 88 gold pieces (gained 14).
Found 15 gold pieces.
You see here a rat corpse.
d - 2 scrolls labelled ETICLY FAEKAYLO (gained 1)
Found a clear potion and 11 gold pieces.
Found a stone staircase leading up.
You now have 103 gold pieces (gained 15).
An adder comes into view.
The adder hisses angrily.
You see here 11 gold pieces.
An adder comes into view.
The adder hisses angrily.
You barely miss the adder. The adder bites you.
You miss the adder. The adder bites you but does no damage.
The adder bites you.
You closely miss the adder. The adder bites you.
The adder bites you but does no damage. The adder bites you. x2
The adder bites you. The adder bites you.
The adder bites you but does no damage. The adder bites you.
* * * LOW HITPOINT WARNING * * *
As you read the scroll labelled NANKIU AMEMP, it crumbles to dust.
It is a scroll of enchant weapon.
Your +0 mace of protection glows red for a moment.
The adder barely misses you. The adder bites you.
* * * LOW HITPOINT WARNING * * *
The adder closely misses you.
You see here 11 gold pieces.
As you read the scroll labelled LIXZUO BIOPIAPP, it crumbles to dust.
It is a scroll of enchant armour.
Your +0 robe glows green for a moment.
The adder bites you.
* * * LOW HITPOINT WARNING * * *
The adder bites you.
You die...

#.# #.# #.# #.#
#.# #.# #.#####
#.# ##....#
#.#######
#.....###.......#
#.###............#
.. #†####.##S#!.#
... #.# #..@#...#
.. #.# #.##.#..# .
#.# #.##....#
##.####.#..#..#
#..<............
#.............#.#
!..............
#.#
..##.#.###.......
#$#.# .###$


You could see an adder.

Vanquished Creatures
  3 ball pythons (D:1)
  3 endoplasms (D:1)
  A giant cockroach (D:1)
  A hobgoblin (D:1)
  A kobold (D:1)
  A quokka (D:1)
  3 bats (D:1)
  A frilled lizard (D:1)
  A rat (D:2)
15 creatures vanquished.

Notes
Turn   | Place    | Note
-------+----------+-------------------------------------------
     0 | D:1      | Julmuri the Mummy Cinder Acolyte began the quest for the
                  | Orb.
     0 | D:1      | Reached XP level 1. HP: 18/18 MP: 2/2
   233 | D:1      | Reached XP level 2. HP: 6/24 MP: 4/4
  1081 | D:2      | Slain by an adder

Illustrated notes

Levels and vault maps discovered:
D:1:      ebering_trefoil_3fold, layout_basic
D:2:      layout_loops_ring

Action                   || total
-------------------------++-------
Melee: Hand axe          ||    16
       Punch             ||     1
       Mace              ||    26
  Use: Scroll            ||     2
 Stab: Sleeping          ||     1
Armor: Robe              ||    13
Dodge: Dodged            ||    36

Table legend: (Time is in decaauts)
 A = Elapsed time spent in this place.
 B = Non-inter-level travel time spent in this place.
 C = Inter-level travel time spent in this place.
 D = Time resting spent in this place.
 E = Time spent auto-exploring this place.
 F = Levels seen in this place.
 G = Mean time per level.
                   A        B        C        D        E       F      G
               +--------+--------+--------+--------+--------+-----+--------+
         Total |   1091 |   1091 |      0 |    103 |    716 |   2 |  545.5 |
       Dungeon |   1091 |   1091 |      0 |    103 |    716 |   2 |  545.5 |
               +--------+--------+--------+--------+--------+-----+--------+

Top non-repeatable levels by time:
     D:1: 1048 daAuts
     D:2: 43 daAuts
